 Dungeon Crawl Stone Soup version 0.28-a0-1447-ga5a8893891 (webtiles) character file.

Game seed: 5522294756754355611

25 shadowrider38 the Ruffian (level 2, 0/25 HPs)
             Began as a Draconian Transmuter on Jan 11, 2022.
             Slain by an adder (3 damage)
             ... on level 2 of the Dungeon.
             The game lasted 00:01:40 (1770 turns).

shadowrider38 the Ruffian (Draconian Transmuter)    Turns: 1770, Time: 00:01:41

Health: 0/25       AC:  4    Str: 12    XL:     2   Next: 86%
Magic:  5/5        EV: 12    Int: 13    God:
Gold:   41         SH:  0    Dex: 11    Spells: 4/5 levels left

rFire   . . .      SeeInvis .     - Unarmed
rCold   + . .      Faith    .   (no shield)
rNeg    . . .      Spirit   .   (armour unavailable)
rPois   .          Reflect  .   (helmet restricted)
rElec   .          Harm     .   (no cloak)
rCorr   .          Rampage  .   (no gloves)
Will    .....                   (no boots)
Stlth   +.........              (no amulet)
HPRegen 0.08/turn               a - ring of protection from cold
MPRegen 0.09/turn               (no ring)

@: lethally poisoned (0 -> -1)
A: AC +4, unfitting armour, cold-blooded
a: no special abilities


You were on level 2 of the Dungeon.
You visited 1 branch of the dungeon, and saw 3 of its levels.

You collected 41 gold pieces.

Inventory:

Missiles
 m - 19 poisoned darts
 n - 21 stones
Jewellery
 a - a ring of protection from cold (left hand)
Scrolls
 b - a scroll of immolation {unknown}
 c - a scroll of identify {unknown}
 d - a scroll of fog {unknown}
 f - a scroll of noise {unknown}
 g - a scroll of fear {unknown}
 h - a scroll of holy word {unknown}
 j - a scroll of magic mapping {unknown}
 k - a scroll of silence {unknown}
 l - a scroll of teleportation {unknown}
Potions
 e - a potion of curing {unknown}
 i - a potion of berserk rage {unknown}


   Skills:
 + Level 2.3 Fighting
 - Level 1.7 Dodging
 + Level 3.6 Unarmed Combat
 - Level 2.0 Spellcasting
 - Level 2.0 Transmutations


You had 4 spell levels left.
You knew the following spells:

 Your Spells              Type           Power      Damage    Failure   Level
a - Beastly Appendage     Tmut           12%        N/A       11%         1

Your spell library contained the following spells:

 Spells                   Type           Power      Damage    Failure   Level
 Wereblood                Tmut           6%         N/A       17%         2
 Spider Form              Tmut/Pois      3%         N/A       45%         3
 Ice Form                 Ice/Tmut       3%         N/A       86%         4


Dungeon Overview and Level Annotations

Branches:
Dungeon (3/15)

Altars:


Innate Abilities, Weirdness & Mutations

Your plain brown scales are hard. (AC +4)
You cannot fit into any form of body armour.
You are cold-blooded and may be slowed by cold attacks.


Message History

Press: ? - help, Q - select action, (/) - cycle Dir - look around, f - activate You grow a pair of large bovine horns.
Your feet morph into talons.
The bat hits you but does no damage.
Your transformation is almost over.
The bat barely misses you. The bat closely misses you.
The adder hisses angrily.
The endoplasm quivers.
The bat closely misses you.
An endoplasm comes into view.
The endoplasm quivers.
The bat closely misses you.
A rat comes into view.
The bat barely misses you. The adder bites you.
You are poisoned.
The adder poisons you!
You miss the adder. Your kick misses the adder.
Your tail-slap misses the adder.
You feel sick. The bat barely misses you. The bat closely misses you.
The adder bites you.
You barely miss the adder. Your kick misses the adder.
Your headbutt misses the adder.
You feel sick. The bat barely misses you. x2
The adder bites you.
You are more poisoned.
The adder poisons you! The endoplasm barely misses you.
You hit the adder. Your kick misses the adder.
The adder is lightly wounded.
You feel sick. The bat hits you. The adder bites you. The endoplasm hits you.
The adder barely misses you.
Unknown command.
You feel sick. The bat hits you but does no damage.
You feel sick.
You feel sick. The bat hits you but does no damage.
Your horns disappear.
Your talons disappear.
You feel sick. The bat hits you.
* * * LOW HITPOINT WARNING * * *
You feel sick.
You barely miss the adder.
The adder is lightly wounded.
You feel sick. The adder barely misses you. The adder bites you.
You die...

..[(.. #######.#.#
.+
..........###..#
#..<.......+ #.#
#######.r........#
...
........J.........
#.#
#####.J####.....#
#.# #.bS# .....#
#.## #.#@# ###.##
#..# #.#.# .#
#..## ##.#.# #
#...# #..#.#
#.#.#### #.##.#
#.#....# #.#..#
#.####.# ##.#.##
#.####.# #..#.
.....#.# #.##


You could see an adder, 2 endoplasms, a bat and a rat.

Vanquished Creatures
  2 dart slugs (D:1)
  An endoplasm (D:1)
  5 goblins
  4 kobolds (D:1)
  A quokka (D:1)
  5 ball pythons
  A bat (D:1)
  A frilled lizard (D:1)
  A rat (D:3)
21 creatures vanquished.

Notes
Turn   | Place    | Note
-------+----------+-------------------------------------------
     0 | D:1      | shadowrider38 the Draconian Transmuter began the quest for
                  | the Orb.
     0 | D:1      | Reached XP level 1. HP: 16/16 MP: 3/3
   318 | D:1      | Reached XP level 2. HP: 24/24 MP: 3/5
  1387 | D:1      | Found a faded altar of an unknown god.
  1770 | D:2      | Slain by an adder

Illustrated notes

Levels and vault maps discovered:
D:1:      noname_arrival_rooms_in_the_neighbourhood, layout_loops_corners,
          ebering_ecumenical_altar_hall, minmay_vboxes
D:2:      layout_rooms, minmay_rat_gold_closets
D:3:      layout_rooms, grunt_temple_overflow_diamond, minmay_close_crescents,
          uniq_terence

Skill      XL: |  1  2 |
---------------+-------+-----
Fighting       | 2 |  2.3
Dodging        | |  1.7
Unarmed Combat | |  3.6
Spellcasting   | |  2.0
Transmutations | |  2.0

Action                   || total
-------------------------++-------
Melee: Unarmed           ||    52
       Tailslap          ||     2
       Kick              ||     4
       Headbutt          ||     3
 Cast: Beastly Appendage ||    15
Armor: Skin              ||    12
Dodge: Dodged            ||    27

Table legend: (Time is in decaauts)
 A = Elapsed time spent in this place.
 B = Non-inter-level travel time spent in this place.
 C = Inter-level travel time spent in this place.
 D = Time resting spent in this place.
 E = Time spent auto-exploring this place.
 F = Levels seen in this place.
 G = Mean time per level.
                   A        B        C        D        E       F      G
               +--------+--------+--------+--------+--------+-----+--------+
         Total |   1767 |   1638 |    129 |    445 |   1019 |   3 |  589.0 |
       Dungeon |   1767 |   1638 |    129 |    445 |   1019 |   3 |  589.0 |
               +--------+--------+--------+--------+--------+-----+--------+

Top non-repeatable levels by time:
     D:1: 1649 daAuts
     D:2: 113 daAuts
     D:3: 4 daAuts
